SL
ECHO PARK LAKERS @ NEW AMSTERDAM DUTCHMEN
07/12/2030
 
TOP OF THE 1ST
Echo Park Lakers batting - Pitching for New Amsterdam Dutchmen : RHP J.J. Spencer
Pitching: RHP J.J. Spencer
Batting: RHB Miguel Morán 0-0: Called Strike
0-1: Ground out 6-3 (Groundball, 6)
Batting: LHB Stefan Vanderhoof 0-0: Ball
1-0: Called Strike
1-1: Ball
2-1: Fly out, F5 (Popup, 5SF)
Batting: RHB Guillermo Coss 0-0: Swinging Strike
0-1: Ground out 4-3 (Groundball, 34)
Top of the 1st over - 0 runs, 0 hits, 0 errors, 0 left on base; Echo Park 0 - New Amsterdam 0
BOTTOM OF THE 1ST
New Amsterdam Dutchmen batting - Pitching for Echo Park Lakers : RHP Shawn Williams
Pitching: RHP Shawn Williams
Batting: RHB Jon Osterman 0-0: Fly out, F4 (Popup, 23)
Batting: RHB John Burton 0-0: Ball
1-0: Foul Ball, location: 2F
1-1: Ball
2-1: Called Strike
2-2: Foul Ball, location: 2F
2-2: Ball
3-2: Ground out 3-1 (Groundball, 34S)
Batting: LHB SaQwan Hackett 0-0: Ball
1-0: Called Strike
1-1: Fly out, F5 (Popup, 5SF)
Bottom of the 1st over - 0 runs, 0 hits, 0 errors, 0 left on base; Echo Park 0 - New Amsterdam 0
TOP OF THE 2ND
Echo Park Lakers batting - Pitching for New Amsterdam Dutchmen : RHP J.J. Spencer
Batting: LHB Count Dante 0-0: Foul Ball, location: 2F
0-1: Ball
1-1: Ball
2-1: Ball
3-1: Base on Balls
Batting: RHB Yoshihito Samurakami 0-0: Ball
1-0: Ball
2-0: Ball
3-0: Called Strike
3-1: Base on Balls
Count Dante to second
Batting: RHB Freddy Torres 0-0: SINGLE (Groundball, 6D)
Count Dante to third
Yoshihito Samurakami to second
Batting: RHB Zhenya Worobtsoff 0-0: Fly out, F8 (Line Drive, 8RM)
Runner from 3rd tags up, SCORES, no throw
Batting: RHB Joseph Gray 0-0: Ball
1-0: SINGLE (Groundball, 5S) (infield hit)
Yoshihito Samurakami to third
Freddy Torres to second
Batting: RHB Ismael Sandoval 0-0: SINGLE (Groundball, 6D)
Yoshihito Samurakami scores
Freddy Torres to third
Joseph Gray to second
Batting: RHB Miguel Morán 0-0: Ball
1-0: Foul Ball, location: 2F
1-1: Ball
2-1: Called Strike
2-2: Grounds into double play, 6-4-3 (Groundball, 6)
Top of the 2nd over - 2 runs, 3 hits, 0 errors, 2 left on base; Echo Park 2 - New Amsterdam 0
BOTTOM OF THE 2ND
New Amsterdam Dutchmen batting - Pitching for Echo Park Lakers : RHP Shawn Williams
Batting: LHB Félix López 0-0: Called Strike
0-1: Ball
1-1: Ball
2-1: Foul Ball, location: 2F
2-2: Fly out, F7 (Flyball, 7)
Batting: RHB Hank Wilder 0-0: Ball
1-0: Ball
2-0: Fly out, F7 (Flyball, 7)
Batting: LHB Jorge Vargas 0-0: Called Strike
0-1: Ball
1-1: Called Strike
1-2: Strikes out swinging
Bottom of the 2nd over - 0 runs, 0 hits, 0 errors, 0 left on base; Echo Park 2 - New Amsterdam 0
TOP OF THE 3RD
Echo Park Lakers batting - Pitching for New Amsterdam Dutchmen : RHP J.J. Spencer
Batting: LHB Stefan Vanderhoof 0-0: Ball
1-0: Foul Ball, location: 2F
1-1: Ball
2-1: Foul Ball, location: 2F
2-2: Foul Ball, location: 2F
2-2: Ball
3-2: Foul Ball, location: 2F
3-2: Ground out 4-3 (Groundball, 4)
Batting: RHB Guillermo Coss 0-0: Called Strike
0-1: Ball
1-1: Ball
2-1: Foul Ball, location: 2F
2-2: Ball
3-2: Ground out 6-3 (Groundball, 6)
Batting: LHB Count Dante 0-0: Fly out, F6 (Line Drive, 6)
Top of the 3rd over - 0 runs, 0 hits, 0 errors, 0 left on base; Echo Park 2 - New Amsterdam 0
BOTTOM OF THE 3RD
New Amsterdam Dutchmen batting - Pitching for Echo Park Lakers : RHP Shawn Williams
Batting: LHB Cornelius Taitt 0-0: Ball
1-0: Ball
2-0: Ball
3-0: Called Strike
3-1: Called Strike
3-2: DOUBLE (Line Drive, 89D)
Batting: RHB Mario Rivera 0-0: Ball
1-0: Foul Ball, location: 2F
1-1: Fly out, F3 (Line Drive, 34D)
Batting: RHB David Pérez 0-0: Foul Ball, location: 2F
0-1: Ball
1-1: Ball
2-1: Ground out 6-3 (Groundball, 6)
Cornelius Taitt to third
Batting: RHB Jon Osterman 0-0: Fly out, F4 (Popup, 23)
Bottom of the 3rd over - 0 runs, 1 hit, 0 errors, 1 left on base; Echo Park 2 - New Amsterdam 0
TOP OF THE 4TH
Echo Park Lakers batting - Pitching for New Amsterdam Dutchmen : RHP J.J. Spencer
Batting: RHB Yoshihito Samurakami 0-0: Swinging Strike
0-1: Foul Ball, location: 2F
0-2: Foul Ball, location: 2F
0-2: SINGLE (Groundball, 56D)
Batting: RHB Freddy Torres 0-0: Ball
1-0: Ball
2-0: Foul Ball, location: 2F
2-1: Foul Ball, location: 2F
2-2: SINGLE (Groundball, 6M) (infield hit)
Yoshihito Samurakami to second
Batting: RHB Zhenya Worobtsoff 0-0: Called Strike
0-1: Called Strike
0-2: Ball
1-2: Fielders Choice at 2nd, 3-6 (Groundball, 34)
Yoshihito Samurakami to third
Batting: RHB Joseph Gray 0-0: Grounds into double play, 6-4-3 (Groundball, 56D)
Top of the 4th over - 0 runs, 2 hits, 0 errors, 1 left on base; Echo Park 2 - New Amsterdam 0
BOTTOM OF THE 4TH
New Amsterdam Dutchmen batting - Pitching for Echo Park Lakers : RHP Shawn Williams
Batting: RHB John Burton 0-0: Reached via error on a dropped throw, E1
Batting: LHB SaQwan Hackett 0-0: Foul Ball, location: 2F
0-1: Fly out, F3 (Popup, 3F)
Batting: LHB Félix López 0-0: Called Strike
0-1: Called Strike
0-2: Foul Ball, location: 2F
0-2: Ball
John Burton steals 2nd base
1-2: Ball
2-2: Strikes out swinging
Batting: RHB Hank Wilder 0-0: Called Strike
0-1: Swinging Strike
0-2: Ball
1-2: Ball
2-2: Strikes out swinging
Bottom of the 4th over - 0 runs, 0 hits, 1 error, 1 left on base; Echo Park 2 - New Amsterdam 0
TOP OF THE 5TH
Echo Park Lakers batting - Pitching for New Amsterdam Dutchmen : RHP J.J. Spencer
Batting: RHB Ismael Sandoval 0-0: Called Strike
0-1: Ground out 5-3 (Groundball, 56S)
Batting: RHB Miguel Morán 0-0: Swinging Strike
0-1: Ball
1-1: Ball
2-1: Fly out, F9 (Line Drive, 89D)
Batting: LHB Stefan Vanderhoof 0-0: Called Strike
0-1: Ball
1-1: Ball
2-1: SINGLE (Line Drive, 34D)
Batting: RHB Guillermo Coss 0-0: Fielders Choice at 2nd, 6-4 (Groundball, 6)
Top of the 5th over - 0 runs, 1 hit, 0 errors, 1 left on base; Echo Park 2 - New Amsterdam 0
BOTTOM OF THE 5TH
New Amsterdam Dutchmen batting - Pitching for Echo Park Lakers : RHP Shawn Williams
Batting: LHB Jorge Vargas 0-0: Ball
1-0: Ball
2-0: Called Strike
2-1: Foul Ball, location: 2F
2-2: Ball
3-2: Foul Ball, location: 2F
3-2: Strikes out swinging
Batting: LHB Cornelius Taitt 0-0: Foul Ball, location: 2F
0-1: Foul Ball, location: 2F
0-2: Foul Ball, location: 2F
0-2: Ball
1-2: Foul Ball, location: 2F
1-2: Fly out, F9 (Flyball, 9LMF)
Batting: RHB Mario Rivera 0-0: Called Strike
0-1: Foul Ball, location: 2F
0-2: Ball
1-2: Fly out, F4 (Line Drive, 4)
Bottom of the 5th over - 0 runs, 0 hits, 0 errors, 0 left on base; Echo Park 2 - New Amsterdam 0
TOP OF THE 6TH
Echo Park Lakers batting - Pitching for New Amsterdam Dutchmen : RHP J.J. Spencer
Batting: LHB Count Dante 0-0: Ball
1-0: Ball
2-0: Foul Ball, location: 2F
2-1: Swinging Strike
2-2: Ball
3-2: Ground out 5-3 (Groundball, 56S)
Batting: RHB Yoshihito Samurakami 0-0: SINGLE (Line Drive, 8LS)
Batting: RHB Freddy Torres 0-0: Foul Ball, location: 2F
0-1: Ground out 3-1 (Groundball, 23)
Yoshihito Samurakami to second
Batting: RHB Zhenya Worobtsoff 0-0: Swinging Strike
0-1: Swinging Strike
0-2: Ground out 3-1 (Groundball, 34)
Top of the 6th over - 0 runs, 1 hit, 0 errors, 1 left on base; Echo Park 2 - New Amsterdam 0
BOTTOM OF THE 6TH
New Amsterdam Dutchmen batting - Pitching for Echo Park Lakers : RHP Shawn Williams
Batting: RHB David Pérez 0-0: Ball
1-0: SINGLE (Groundball, 6MD)
Batting: RHB Jon Osterman 0-0: Ball
1-0: Ball
2-0: Fielders Choice at 2nd, 1-4 (Groundball, 15)
Batting: RHB John Burton 0-0: Called Strike
Jon Osterman steals 2nd base
0-1: Ground out 4-3 (Groundball, 4)
Jon Osterman to third
Batting: LHB SaQwan Hackett 0-0: Fly out, F8 (Flyball, 8LS)
Bottom of the 6th over - 0 runs, 1 hit, 0 errors, 1 left on base; Echo Park 2 - New Amsterdam 0
TOP OF THE 7TH
Echo Park Lakers batting - Pitching for New Amsterdam Dutchmen : RHP J.J. Spencer
Batting: RHB Joseph Gray 0-0: Called Strike
0-1: Called Strike
0-2: Ball
1-2: Strikes out swinging
Batting: RHB Ismael Sandoval 0-0: SINGLE (Flyball, 8LS)
Batting: RHB Miguel Morán 0-0: Ball
1-0: SINGLE (Line Drive, 56)
Ismael Sandoval to second
Batting: LHB Stefan Vanderhoof 0-0: DOUBLE (Line Drive, 9LS)
Ismael Sandoval scores
Miguel Morán to third
Batting: RHB Guillermo Coss 0-0: Called Strike
0-1: Ball
1-1: Called Strike
1-2: SINGLE (Groundball, 4MD)
Miguel Morán scores
Stefan Vanderhoof to third
Runner from 3rd tries for Home, SAFE, no throw
Pitching: LHP Powell Beauregard
Batting: LHB Count Dante 0-0: Ball
Guillermo Coss steals 2nd base
1-0: Swinging Strike
1-1: Ball
2-1: Foul Ball, location: 2F
2-2: Ball
3-2: Foul Ball, location: 2F
3-2: Foul Ball, location: 2F
3-2: 2-RUN HOME RUN (Flyball, 9LD), Distance : 365 ft
Batting: RHB Yoshihito Samurakami 0-0: Ground out 2-3 (Groundball, 2R)
Batting: RHB Freddy Torres 0-0: Ball
1-0: Ball
2-0: Called Strike
2-1: Foul Ball, location: 2F
2-2: Strikes out swinging
Top of the 7th over - 5 runs, 5 hits, 0 errors, 0 left on base; Echo Park 7 - New Amsterdam 0
BOTTOM OF THE 7TH
New Amsterdam Dutchmen batting - Pitching for Echo Park Lakers : RHP Shawn Williams
Batting: LHB Félix López 0-0: Ball
1-0: Called Strike
1-1: Ball
2-1: Foul Ball, location: 2F
2-2: Ball
3-2: Base on Balls
Batting: RHB Hank Wilder 0-0: Swinging Strike
0-1: Foul Ball, location: 2F
0-2: Ball
1-2: Grounds into double play, 4-6-3 (Groundball, 4M)
Batting: LHB Jorge Vargas 0-0: Foul Ball, location: 2F
0-1: Swinging Strike
0-2: Ball
1-2: Strikes out swinging
Bottom of the 7th over - 0 runs, 0 hits, 0 errors, 0 left on base; Echo Park 7 - New Amsterdam 0
TOP OF THE 8TH
Echo Park Lakers batting - Pitching for New Amsterdam Dutchmen : LHP Powell Beauregard
Batting: RHB Zhenya Worobtsoff 0-0: Ball
1-0: Ground out 6-3 (Groundball, 6M)
Batting: RHB Joseph Gray 0-0: Ball
1-0: Ground out 4-3 (Groundball, 4)
Batting: RHB Ismael Sandoval 0-0: Ball
1-0: Ground out 1-3 (Groundball, 13S)
Top of the 8th over - 0 runs, 0 hits, 0 errors, 0 left on base; Echo Park 7 - New Amsterdam 0
BOTTOM OF THE 8TH
New Amsterdam Dutchmen batting - Pitching for Echo Park Lakers : RHP Shawn Williams
Batting: LHB Cornelius Taitt 0-0: Foul Ball, location: 2F
0-1: Swinging Strike
0-2: Strikes out swinging
Batting: RHB Mario Rivera 0-0: Foul Ball, location: 2F
0-1: Ball
1-1: Swinging Strike
1-2: Strikes out swinging
Batting: RHB David Pérez 0-0: Ball
1-0: Ball
2-0: Ball
3-0: Called Strike
3-1: Foul Ball, location: 2F
3-2: Strikes out swinging
Bottom of the 8th over - 0 runs, 0 hits, 0 errors, 0 left on base; Echo Park 7 - New Amsterdam 0
TOP OF THE 9TH
Echo Park Lakers batting - Pitching for New Amsterdam Dutchmen : LHP Powell Beauregard
Batting: RHB Miguel Morán 0-0: Fly out, F5 (Line Drive, 56S)
Batting: LHB Stefan Vanderhoof 0-0: Ball
1-0: Ground out 4-3 (Groundball, 4)
Batting: RHB Guillermo Coss 0-0: Ground out 6-3 (Groundball, 6)
Top of the 9th over - 0 runs, 0 hits, 0 errors, 0 left on base; Echo Park 7 - New Amsterdam 0
BOTTOM OF THE 9TH
New Amsterdam Dutchmen batting - Pitching for Echo Park Lakers : RHP Shawn Williams
Now at C: Jesús Vásquez
Batting: RHB Jon Osterman 0-0: Ball
1-0: Swinging Strike
1-1: Ball
2-1: Swinging Strike
2-2: Foul Ball, location: 2F
2-2: Ball
3-2: Foul Ball, location: 2F
3-2: Strikes out looking
Batting: RHB John Burton 0-0: Called Strike
0-1: Ground out 4-3 (Groundball, 4)
Batting: LHB SaQwan Hackett 0-0: Ball
1-0: Ground out 4-3 (Groundball, 4S)
Bottom of the 9th over - 0 runs, 0 hits, 0 errors, 0 left on base; Echo Park 7 - New Amsterdam 0
Sunday, March 18th, 2018 - OOTP Baseball 18.8 Build 76